 Dungeon Crawl Stone Soup version 0.30-a0-1161-g0704695555 (webtiles) character file.

Game seed: 305089865735163879

60 kae the Changer (level 3, -1/27 HPs)
             Began as a Demigod Transmuter on Apr 27, 2023.
             Succumbed to a kobold's poison
             ... on level 3 of the Dungeon.
             The game lasted 00:01:49 (1646 turns).

kae the Changer (Demigod Transmuter)                Turns: 1646, Time: 00:01:50

Health: -1/27      AC:  6    Str: 11    XL:     3   Next: 55%
Magic:  6/9        EV: 19    Int: 19    God:
Gold:   109        SH:  0    Dex: 19    Spells: 1/7 levels left

rFire   . .          .
                       - Unarmed
rCold   . . .        (shield currently unavailable)
rNeg    . . .        a - melded +0 robe
rPois   x            (helmet currently unavailable)
rElec   .            f - melded +0 cloak
rCorr   .            (gloves currently unavailable)
SInv    .            (boots currently unavailable)
Will    .....        (no amulet)
Stlth   ++           O - +4 ring of protection
HPRegen 0.24/turn    (no ring)
MPRegen 0.11/turn

%: no passive effects
@: brilliant, lethally poisoned (-1 -> -18), spider-form
A: venomous fangs, tiny, high MP 1, forlorn, divine attributes
a: End Transformation


You were on level 3 of the Dungeon.
You were a venomous arachnid creature.
You visited 1 branch of the dungeon, and saw 3 of its levels.

You collected 109 gold pieces.


Innate Abilities, Weirdness & Mutations

You are a venomous arachnid creature.
You have venomous fangs.
You are tiny and dextrous.
Your spellcasting is less reliable in this form.
Your armour is entirely melded.
You are incapable of wielding weapons or throwing items.
You have an increased reservoir of magic. (+10% MP)
You shall have no god before yourself.
Your divine heritage dramatically boosts your attributes as you level up.


   Skills:
 - Level 0.8 Fighting
 - Level 1.7 Dodging
 - Level 2.6 Unarmed Combat
 + Level 2.6 Spellcasting
 + Level 2.8 Transmutations
 * Level 0.9 Poison Magic


You had one spell level left.
You knew the following spells:

 Your Spells              Type           Power      Damage    Failure   Level
a - Beastly Appendage     Tmut           38%        N/A       14%         1
b - Wereblood             Tmut           19%        N/A       21%         2
c - Spider Form           Tmut/Pois      14%        N/A       43%         3

Your spell library contained the following spells:

 Spells                   Type           Power      Damage    Failure   Level
 Ice Form                 Ice/Tmut       11%        N/A       83%         4

Inventory:

Missiles
 b - 14 stones
 j - a boomerang
Armour
 a - a +0 robe (melded)
 f - a +0 cloak (melded)
   (You found it on level 3 of the Dungeon)
Jewellery
 O - a +4 ring of protection (left front pincers)
   (You found it on level 1 of the Dungeon)
Scrolls
 d - a scroll of fog {unknown}
Potions
 c - a potion of attraction {!q}
 e - a potion of invisibility
 g - 3 potions of mutation {!q}
 h - a potion of lignification {!q}
 i - 2 potions of brilliance
 k - a potion of cancellation {unknown}

Dungeon Overview and Level Annotations

Branches:
Dungeon (3/15) Zot: 16359

#.# ## ..# ..# #.#
#.# #.# #.#
#.#.##### #.# #.#
#.......###.# ##.##
##.#...##.####...#
#.......#.........
#s#####.######...#
#K# #.#######.##
#...{# #.....###.#
#.###o# #.........#
..#####.###.#####
........###.######
#..................
#.########.........
.. #.#.######


You could see an orc and a kobold.


Message History

An adder is nearby!
An adder is nearby!
Casting: Beastly Appendage (safe; 5% risk of failure)
Confirm with . or Enter, or press ? or * to list all spells.
You grow a pair of large bovine horns.
Your feet morph into talons.
The adder hisses angrily.
The adder bites you but does no damage.
The adder bites you but does no damage. 😎 MP[-1]
You lost 1 mp, and now have 8/9 mp.
You completely miss the adder. The adder closely misses you.
You hit the adder. You claw the adder. The adder bites you but does no damage.
The adder bites you. 😕 HP[-2]
You take 2 damage, and now have 25/27 hp.
An adder is nearby!
You closely miss the adder. You claw the adder.
You kill the adder!
No target in view!
Your transformation is almost over.
Your horns disappear.
Your talons disappear.
A kobold comes into view.
It is wielding a +0 dagger and quivering poisoned darts. 😎 HP[+2] MP[+1]
Your hp is fully restored (27).
Your mp is fully restored (9).
A kobold is nearby!
A kobold is nearby!
The kobold shouts!
An orc wizard comes into view. It is wielding a +0 dagger.
There are monsters nearby!
The orc wizard shouts!
The orc wizard mumbles some strange words.
The orc wizard flickers and vanishes!
Deactivating autopickup; reactivate with Ctrl-A.
The kobold closely misses you.
You closely miss the kobold. The kobold barely misses you.
An orc comes into view. It is wielding a +0 club.
Casting: Beastly Appendage (safe; 4% risk of failure)
Confirm with . or Enter, or press ? or * to list all spells.
You grow a pair of large bovine horns.
Your feet morph into talons.
The kobold hits you with a +0 dagger.
The kobold completely misses you. 😕 HP[-1] MP[-1]
You take 1 damage, and now have 26/27 hp.
You lost 1 mp, and now have 8/9 mp.
You barely miss the kobold. The kobold misses you.
You hit the kobold. Your punch misses the kobold. The kobold barely misses you.
Unknown command.
The kobold throws a poisoned dart.
The poisoned dart misses you. 😎 HP[+1]
Your hp is fully restored (27).
Casting: Beastly Appendage (safe; 4% risk of failure)
Confirm with . or Enter, or press ? or * to list all spells.
The spell is extremely dangerous to miscast (22% risk of failure)!
Continue anyway? [Y]es or [N]o only, please.
The spell is extremely dangerous to miscast (22% risk of failure)!
Continue anyway?
Your horns disappear.
Your talons disappear.
You turn into a venomous arachnid creature.
Your +0 cloak melds into your body.
Your +0 robe melds into your body.
A bat comes into view.
Something hits you but does no damage.
The bat moves out of view. 😎 MP[-3]
You lost 3 mp, and now have 5/9 mp.
You barely miss something.
An orc comes into view. It is wielding a +0 mace.
The kobold throws a poisoned dart.
The poisoned dart hits you!
You are poisoned.
Something hits you. 😕 HP[-1]
You take 1 damage, and now have 26/27 hp.
You hit something.
You feel very sick. Something closely misses you.
The kobold throws a poisoned dart.
The poisoned dart hits you!
You are lethally poisoned! 😕 HP[-5]
You take 5 damage, and now have 21/27 hp.
You barely miss something.
* * * LOW HITPOINT WARNING * * *
You feel extremely sick. 😨 HP[-8] MP[+1]
You take 8 damage, and now have 13/27 hp.
MASSIVE DAMAGE!! (PAUSE)
You hit the orc.
You kill the orc!
* * * LOW HITPOINT WARNING * * *
You feel very sick. 😨 HP[-4]
You take 4 damage, and now have 9/27 hp.
You barely miss the kobold.
* * * LOW HITPOINT WARNING * * *
You feel very sick.
The kobold hits you but does no damage. 😱 HP[-6]
You take 6 damage, and now have 3/27 hp.
MASSIVE DAMAGE!! (PAUSE) Really quaff
g - 3 potions of mutation {!q}?
Okay, then.
It was a potion of brilliance.
You feel clever all of a sudden.
You die...

Skill      XL: |  1 |
---------------+----+-----
Spellcasting   | 2 |  2.6
Transmutations | 2 |  2.8
Fighting       | |  0.8
Dodging        | |  1.7
Unarmed Combat | |  2.6
Poison Magic   | |  0.9

Action                     || total
---------------------------++-------
  Melee: Unarmed           ||    95
         Kick              ||    19
         Headbutt          ||     7
         Punch             ||     2
   Cast: Beastly Appendage ||    20
         Wereblood         ||     1
         Spider Form       ||     2
    Use: Potion            ||     2
         Scroll            ||     7
   Stab: Sleeping          ||     1
 Armour: Skin              ||    10
         Robe              ||    17
  Dodge: Dodged            ||    65

Levels and vault maps discovered:
D:1:      minmay_arrival_stair_chambers, layout_basic, minmay_bisected
D:2:      layout_rooms
D:3:      layout_loops_ring, shapermc_ecumenical_altar_rom_forum

Notes
Turn   | Place    | Note
-------+----------+-------------------------------------------
     0 | D:1      | kae the Demigod Transmuter began the quest for the Orb.
     0 | D:1      | Reached XP level 1. HP: 15/15 MP: 5/5
     0 | D:1      | magus.rc [v1.11.3]
    57 | D:1      | Reached skill level 2 in Spellcasting
    57 | D:1      | Reached skill level 2 in Transmutations
   351 | D:1      | Reached XP level 2. HP: 20/22 MP: 5/7
   732 | D:2      | Learned a level 2 spell: Wereblood
   855 | D:2      | Reached XP level 3. HP: 26/27 MP: 5/9
   859 | D:2      | Learned a level 3 spell: Spider Form
  1002 | D:2      | Identified the +5 helmet of Patterns {*Corrode rElec Dex+3}
  1645 | D:3      | HP: 3/27 [poisoned by a kobold]
  1646 | D:3      | Succumbed to a kobold's poison

Vanquished Creatures
  2 adders
  A worm (D:3)
  2 orcs (D:3)
  3 bats (D:1)
  5 endoplasms
  3 hobgoblins
  2 jackals (D:2)
  2 kobolds
  3 quokkas
  5 ball pythons
  5 goblins
  A rat (D:2)
34 creatures vanquished.

Table legend:
 A = Non-vault XP
 B = Vault XP
 C = Vault XP percentage of total XP
 D = Non-vault monster count
 E = Vault monster count
 F = Vault count percentage of total count
                 A         B        C        D         E       F
            +---------+---------+-------+---------+---------+-------
      Total |      79 |       7 |   8.1 |      30 |       4 |  11.8
            +---------+---------+-------+---------+---------+-------
        D:1 |      18 |       7 |  28.0 |      11 |       4 |  26.7
        D:2 |      32 |       0 |   0.0 |      12 |       0 |   0.0
        D:3 |      29 |       0 |   0.0 |       7 |       0 |   0.0
            +---------+---------+-------+---------+---------+-------

Skill      XL: |  1 |
---------------+----+-----
Spellcasting   | 2 |  2.6
Transmutations | 2 |  2.8
Fighting       | |  0.8
Dodging        | |  1.7
Unarmed Combat | |  2.6
Poison Magic   | |  0.9

Action                     || total
---------------------------++-------
  Melee: Unarmed           ||    95
         Kick              ||    19
         Headbutt          ||     7
         Punch             ||     2
   Cast: Beastly Appendage ||    20
         Wereblood         ||     1
         Spider Form       ||     2
    Use: Potion            ||     2
         Scroll            ||     7
   Stab: Sleeping          ||     1
 Armour: Skin              ||    10
         Robe              ||    17
  Dodge: Dodged            ||    65

Illustrated notes

Table legend:
 A = Kills in this place as a percentage of kills in the entire game.
 B = Kills by you in this place as a percentage of kills by you in the entire game.
 C = Kills by friends in this place as a percentage of kills by friends in the entire game.
 D = Other kills in this place as a percentage of other kills in the entire game.
 E = Experience gained in this place as a percentage of experience gained in the entire game.
 F = Experience gained in this place divided by the number of levels of this place that you have seen.
                   A       B       C       D       E      F
               +-------+-------+-------+-------+-------+----------------------
         Total | 100.0 | 100.0 |   N/A |   N/A | 100.0 |  28.7
       Dungeon | 100.0 | 100.0 |   N/A |   N/A | 100.0 |  28.7
               +-------+-------+-------+-------+-------+----------------------

Table legend: (Time is in decaauts)
 A = Elapsed time spent in this place.
 B = Non-inter-level travel time spent in this place.
 C = Inter-level travel time spent in this place.
 D = Time resting spent in this place.
 E = Time spent auto-exploring this place.
 F = Levels seen in this place.
 G = Mean time per level.
                   A        B        C        D        E       F      G
               +--------+--------+--------+--------+--------+-----+--------+
         Total |   1640 |   1570 |     70 |      0 |   1300 |   3 |  546.7 |
       Dungeon |   1640 |   1570 |     70 |      0 |   1300 |   3 |  546.7 |
               +--------+--------+--------+--------+--------+-----+--------+

Top non-repeatable levels by time:
     D:1: 691 daAuts
     D:2: 542 daAuts
     D:3: 406 daAuts
